AoeStats
← 一剑扫秋风nelson

African Clearing

505188364Analyzed
4v4 RM · 24d ago on Sep 8, 2026· 41m 39s· 8 players
Game mode
Random Map
Map size
Large (8 player)
Population
200
Speed
Normal
Resources
Standard
Victory
Conquest
Starting age
Dark Age
Ending age
Imperial Age
RankedLock teamsTeams togetherTeam positionsShared explorationLock speedFull tech treeHidden civsTurbo modeCheats
Victory
Defeat
1852
+5
🇨🇳 Mapuche · China
1843
+5
🇩🇰 Cumans · Denmark
1777
+7
🇧🇷 Chinese · Brazil
1574
+13
🇻🇳 Mongols · Vietnam
1604
-9
🇨🇳 Chinese · China
1548
-7
🇻🇳 Persians · Vietnam
1527
-7
🇻🇳 Bulgarians · Vietnam
1526
-7
自有大儒为我辩经
11:58 Feudal Age
13:11 Double-Bit Axe
15:58 Castle Age
14:34 Gold Mining
15:12 Loom
17:05 Bow Saw
17:49 Fletching
17:56 Horse Collar
22:22 Bodkin Arrow
24:38 Wheelbarrow
27:19 Padded Archer Armor
30:14 Hand Cart
35:18 Imperial Age
33:01 Stone Mining
34:18 Gold Shaft Mining
33:49 Husbandry
34:58 Stone Shaft Mining
35:07 Thumb Ring
35:13 Bloodlines
35:19 Leather Archer Armor
35:30 Ballistics
36:07 Bracer
37:08 Chemistry
36:58 Conscription
36:48 Heavy Plow
37:01 Elite Mangudai
38:34 Parthian Tactics
39:14 Siege Engineers
39:19 Masonry
39:45 Drill
一剑扫秋风nelson
12:19 Feudal Age
12:27 Feudal Age
11:47 Loom
16:54 Castle Age
15:18 Horse Collar
16:10 Double-Bit Axe
27:15 Town Watch
27:45 Forging
32:56 Iron Casting
36:03 Heavy Plow
36:26 Gold Mining
37:59 Bow Saw
39:20 Wheelbarrow
40:44 Gold Shaft Mining
40:42 Hand Cart
43:48 Imperial Age
41:26 Elite Skirmisher
41:59 Fletching
42:09 Padded Archer Armor
CristinaLover
12:10 Feudal Age
12:44 Double-Bit Axe
13:13 Horse Collar
14:27 Loom
19:12 Wheelbarrow
24:51 Castle Age
23:50 Scale Barding Armor
23:56 Forging
24:16 Bloodlines
26:05 Chain Barding Armor
25:53 Gold Mining
26:30 Bow Saw
27:59 Capped Ram
30:19 Heavy Plow
33:08 Hand Cart
35:10 Iron Casting
39:24 Imperial Age
38:53 Stone Mining
39:31 Cavalier
40:47 Plate Barding Armor
41:13 Blast Furnace
41:14 Coinage
42:02 Gold Shaft Mining
41:10 Paladin
41:45 Town Watch
43:08 Blast Furnace
逆·风
3:16 Loom
14:32 Feudal Age
15:21 Double-Bit Axe
18:42 Castle Age
16:45 Fishing Lines
17:17 Horse Collar
17:40 Stone Mining
19:46 Bow Saw
19:28 Gillnets
20:04 Fletching
23:53 Town Watch
27:56 Wheelbarrow
28:56 Padded Archer Armor
29:43 Bodkin Arrow
31:20 Leather Archer Armor
32:02 Ballistics
31:43 Heavy Plow
34:17 Masonry
35:25 Hand Cart
37:02 Thumb Ring
42:08 Imperial Age
39:54 Gold Mining
40:37 Murder Holes
Eagles_SlGiap
11:19 Loom
13:33 Feudal Age
18:06 Castle Age
27:30 Fletching
27:54 Horse Collar
30:22 Wheelbarrow
timembh
9:48 Loom
13:09 Feudal Age
17:11 Castle Age
15:26 Double-Bit Axe
15:44 Horse Collar
22:33 Wheelbarrow
21:53 Fletching
23:57 Bodkin Arrow
26:36 Bow Saw
27:07 Ballistics
29:54 Town Watch
34:06 Imperial Age
32:39 Scale Barding Armor
33:24 Forging
33:39 Bloodlines
35:37 Chain Barding Armor
35:23 Cavalier
36:23 Husbandry
啦啦啦啦啦啦
3:09 Loom
12:43 Feudal Age
16:57 Castle Age
15:11 Fletching
15:22 Double-Bit Axe
17:42 Crossbowman
23:28 Bodkin Arrow
24:51 Ballistics
27:45 Padded Archer Armor
34:52 Scale Mail Armor
luanb10
12:48 Feudal Age
16:48 Castle Age
15:05 Double-Bit Axe
16:07 Fletching
19:59 Bow Saw
24:09 Wheelbarrow
25:58 Padded Archer Armor
31:42 Bodkin Arrow
32:02 Leather Archer Armor
37:59 Imperial Age
37:33 Bloodlines
37:23 Husbandry
39:17 Conscription
41:08 Bracer
Connection lost

Rejoining the realm…

Still unreachable

The connection could not be restored.

Session expired

The server has moved on; the page needs a fresh start.